 Dungeon Crawl Stone Soup version 0.28-a0-1033-g1a2f33fa85 (webtiles) character file.

Game seed: 1591285676231167390

20 ytrimaz the Scratcher (level 2, -5/12 HPs)
             Began as a Felid Transmuter on Dec 7, 2021.
             Slain by a wight (9 damage)
             ... on level 4 of the Dungeon.
             The game lasted 00:01:08 (1547 turns).

ytrimaz the Scratcher (Felid Transmuter)            Turns: 1547, Time: 00:01:08

Health: -5/12      AC:  1    Str:  6    XL:     2   Next: 58%
Magic:  6/6        EV: 17    Int: 14    God:
Gold:   31         SH:  0    Dex: 16    Spells: 4/5 levels left
                                        Lives:  0   Deaths: 0

rFire   . . .      SeeInvis +     - Unarmed
rCold   . . .      Faith    .   (shield unavailable)
rNeg    . . .      Spirit   .   (armour unavailable)
rPois   .          Reflect  .   (helmet unavailable)
rElec   .          Harm     .   (cloak unavailable)
rCorr   .          Rampage  .   (gloves unavailable)
Will    .....                   (boots unavailable)
Stlth   ++........              (no amulet)
HPRegen 0.04/turn               (no ring)
MPRegen 0.10/turn               (no ring)

@: quick
A: very small, claws 1, fangs 3, see invisible, speed 1, shaggy fur 1, stealthy
paws, no weapons or thrown items, no armour, multi-lived
a: no special abilities


You were on level 4 of the Dungeon.
You visited 1 branch of the dungeon, and saw 3 of its levels.

You collected 31 gold pieces.

Inventory:

Scrolls
 b - 3 scrolls of identify


   Skills:
 - Level 1.0 Fighting
 * Level 3.0 Dodging
 * Level 1.4 Stealth
 + Level 3.3 Unarmed Combat
 + Level 2.2 Spellcasting
 + Level 2.2 Transmutations


You had 4 spell levels left.
You knew the following spells:

 Your Spells              Type           Power      Damage    Failure   Level
a - Beastly Appendage     Tmut           14%        N/A       10%         1

Your spell library contained the following spells:

 Spells                   Type           Power      Damage    Failure   Level
 Wereblood                Tmut           7%         N/A       14%         2
 Spider Form              Tmut/Pois      4%         N/A       41%         3
 Ice Form                 Ice/Tmut       4%         N/A       82%         4


Dungeon Overview and Level Annotations

Branches:
Dungeon (2/15)

Altars:


Innate Abilities, Weirdness & Mutations

You have sharp claws.
You have razor-sharp teeth.
You have supernaturally acute eyesight. (SInv)
You cover ground quickly. (Speed+)
You are covered in fur. (AC +1)
Your paws help you pounce on unaware monsters.
You are incapable of wielding weapons or throwing items.
You cannot wear armour.
You gain extra lives every three experience levels.


Message History

Casting: Beastly Appendage (safe; 10% risk of failure)
Confirm with . or Enter, or press ? or * to list all spells.
You don't know that spell.
Unknown command.
An endoplasm comes into view.
Found 4 gold pieces.
A ball python comes into view.
Found 12 gold pieces and a quarterstaff.
An adder comes into view.
The ball python hisses angrily.
You hear a bark!
The adder hisses angrily.
You see here a scroll labelled KOJ TUDUICUILO.
b - 4 scrolls labelled KOJ TUDUICUILO (gained 1)
Your transformation is almost over.
A hound comes into view.
The water moccasin skeleton bites you. The adder bites you.
You closely miss the adder. The adder misses you. The adder misses you.
You aren't carrying any potions.
As you read the scroll labelled APLUBL LYTUNN, it crumbles to dust.
You hear a loud clanging noise!
It was a scroll of noise.
Your horns disappear.
You hear a shout! x2; You hear an angry hiss.
You hear a croak.
You hear an angry hiss. x2
A wight comes into view. It is wielding a +0 flail.
A wight comes into view. It is wielding a +0 dire flail.
The adder barely misses you.
As you read the scroll labelled KOJ TUDUICUILO, it crumbles to dust.
It is a scroll of identify.
You don't have any unidentified items.
The adder barely misses you. The adder bites you.
Found 29 arrows and a club.
An adder comes into view.
Found a stone staircase leading down.
The wight closely misses you.
A wight comes into view. It is wielding a +4 halberd.
The wight hits you from afar with a +4 halberd!
Ouch! That really hurt!
You die...

#.# #... ##.## #..#####
#..##.....# #...#..#
#..#..# #..
#......#####Z...#$#$#.
#.. #z..S..JhZ#.J#.#..
#...#...#####.##...:.#
#..z#zS.#####.Z###.###
#...S...##..ZS........
......#@..##..........##
..........##..........#
...)...#(.............#
.......#..............#
.....#>...............#
........##.#.....^....#
.... .. .......#######
....... ......) ...#...


You could see 3 wights, 2 adders and a ball python.

Vanquished Creatures
  4 ball pythons (D:1)
  2 bats (D:1)
  3 endoplasms
  3 goblins (D:1)
  A hobgoblin (D:1)
  3 kobolds (D:1)
  2 rats (D:1)
18 creatures vanquished.

Notes
Turn   | Place    | Note
-------+----------+-------------------------------------------
     0 | D:1      | ytrimaz the Felid Transmuter began the quest for the Orb.
     0 | D:1      | Reached XP level 1. HP: 9/9 MP: 4/4
   743 | D:1      | Reached XP level 2. HP: 10/12 MP: 6/6
   818 | D:1      | Reached skill level 1 in Stealth
  1517 | D:2      | You fall into a shaft and drop 2 floors!
  1540 | D:4      | Noticed a wight
  1540 | D:4      | Noticed a wight
  1546 | D:4      | Noticed a wight
  1547 | D:4      | Slain by a wight

Illustrated notes

Levels and vault maps discovered:
D:1:      heliophobic_arrival_dark_side_of_the_moon, layout_basic
D:2:      layout_basic, basic_ecumenical_altar
D:4:      layout_rooms, doesnt_xom_only_xom, mainiacjoe_overflow_alcove_4,
          mainiacjoe_overflow_tiny_flanked, ebering_ghost_sewer_d, serial_shops,
          nicolae_shop_competitors_out_of_business, cheibrodos_sewer_entry_bend,
          minmay_box_of_dots

Skill      XL: |  1  2 |
---------------+-------+-----
Dodging        | 3 |  3.0
Stealth        | 1 |  1.4
Fighting       | |  1.0
Unarmed Combat | |  3.3
Spellcasting   | |  2.2
Transmutations | |  2.2

Action                   || total
-------------------------++-------
Melee: Unarmed           ||    44
       Bite              ||     2
       Headbutt          ||     1
 Cast: Beastly Appendage ||     3
  Use: Scroll            ||     2
 Stab: Sleeping          ||     2
Armor: Skin              ||     1
Dodge: Dodged            ||    29

Table legend: (Time is in decaauts)
 A = Elapsed time spent in this place.
 B = Non-inter-level travel time spent in this place.
 C = Inter-level travel time spent in this place.
 D = Time resting spent in this place.
 E = Time spent auto-exploring this place.
 F = Levels seen in this place.
 G = Mean time per level.
                   A        B        C        D        E       F      G
               +--------+--------+--------+--------+--------+-----+--------+
         Total |   1364 |   1362 |      2 |      0 |   1211 |   3 |  454.7 |
       Dungeon |   1364 |   1362 |      2 |      0 |   1211 |   3 |  454.7 |
               +--------+--------+--------+--------+--------+-----+--------+

Top non-repeatable levels by time:
     D:1: 1134 daAuts
     D:2: 204 daAuts
     D:4: 24 daAuts
